 Dungeon Crawl Stone Soup version 0.31-a0-188-g5e087ee2ca (webtiles) character file.

Game seed: 13056124404919109631

55 qw the Shooter (level 3, -5/20 HPs)
             Began as a Deep Elf Hunter on June 23, 2023.
             Slain by a gnoll
             ... wielding a +0 spear
              (7 damage)
             ... on level 4 of the Dungeon.
             The game lasted 00:00:37 (2174 turns).

qw the Shooter (Deep Elf Hunter)                    Turns: 2174, Time: 00:00:38

Health: -5/20      AC:  6    Str: 10    XL:     3   Next: 67%
Magic:  5/5        EV: 11    Int: 13    God:
Gold:   139        SH:  0    Dex: 18    Spells: 2/2 levels left

rFire   . . .        Y - +0 shortbow
rCold   . . .        (shield currently unavailable)
rNeg    . . .        d - +0 ring mail
rPois   .            (no helmet)
rElec   .            (no cloak)
rCorr   +            g - +0 pair of gloves
SInv    .            (no boots)
Will    +....        (no amulet)
Stlth   +            l - ring of willpower
HPRegen 0.23/turn    i - ring of resist corrosion
MPRegen 0.09/turn

%: no passive effects
@: no status effects
A: no striking features
a: no special abilities


You were on level 4 of the Dungeon.
You visited 1 branch of the dungeon, and saw 4 of its levels.

You collected 139 gold pieces.


   Skills:
 - Level 1.5 Fighting
 + Level 7.2 Ranged Weapons
 - Level 2.4 Dodging
 - Level 1.2 Stealth


You had 2 spell levels left.
You didn't know any spells.
Your spell library was empty.

Inventory:

Hand Weapons
 Y - a +0 shortbow (weapon)
Armour
 d - a +0 ring mail (worn)
 g - a +0 pair of gloves (worn)
Jewellery
 a - a ring of positive energy
 i - a ring of resist corrosion (right hand)
 l - a ring of willpower (left hand)
Potions
 b - a potion of curing {unknown}
 c - a potion of heal wounds {unknown}
 e - a potion of might {unknown}
 f - a potion of degeneration {unknown}
 h - a potion of enlightenment {unknown}
 j - a potion of brilliance {unknown}
 k - a potion of cancellation {unknown}

Dungeon Overview and Level Annotations

Branches:
Dungeon (4/15)
 Temple: D:4-7

Altars:
Gozag

Shops:
D:1 ?

Annotations:
D:2 1 runed translucent door, Crazy Yiuf


Message History

The gnoll moves out of view.
Enter note:
Enter note:
Enter note:
Enter note:
Enter note:
Enter note: You shoot an arrow.
The gnoll shouts!
The arrow hits the gnoll.
The gnoll is lightly wounded.
You shoot an arrow. The arrow closely misses the gnoll.
The gnoll throws a throwing net.
The throwing net hits you.
You become entangled in the net!
You tear a large gash into the net.
You struggle against the net.
You shred the net and break free! You shoot an arrow.
The arrow completely misses the gnoll.
The gnoll barely misses you.
The gnoll hits you from afar with a +0 spear.
The gnoll hits you but does no damage. The gnoll misses you.
The gnoll barely misses you.
You shoot an arrow. The arrow barely misses the gnoll.
The gnoll hits you but does no damage. The gnoll hits you with a +0 club.
The gnoll barely misses you.
The gnoll hits you from afar with a +0 spear.
You shoot an arrow. The arrow hits the gnoll.
The gnoll is moderately wounded.
The gnoll barely misses you. The gnoll closely misses you.
The gnoll barely misses you. The gnoll closely misses you.
You shoot an arrow. The arrow closely misses the gnoll.
The gnoll closely misses you. x2; The gnoll hits you with a +0 club.
The gnoll hits you from afar with a +0 spear.
You shoot an arrow. The arrow hits the gnoll.
The gnoll is heavily wounded.
The gnoll hits you with a +0 club. The gnoll barely misses you.
The gnoll hits you but does no damage. The gnoll closely misses you.
The gnoll barely misses you.
The gnoll hits you from afar with a +0 spear!
You die...

.....#.........#.................
.. ..#.........#.#...............
#+###....#....#..........
###....#....#.#........
#...............#####..
......#.......#### #..
...#..........# ###
...........)..# ....<.g@#....##
.....g.g###### .....g..#
......... #.>...... ..........
.#.#.....# #.#...<.#


You could see 4 gnolls.

Vanquished Creatures
  A dart slug (D:2)
  A worm (D:2)
  2 orcs (D:3)
  4 ball pythons (D:1)
  4 bats
  5 endoplasms
  2 giant cockroaches (D:1)
  3 goblins (D:1)
  6 hobgoblins
  2 jackals (D:3)
  3 kobolds
  3 quokkas
  3 frilled lizards (D:1)
  3 rats
42 creatures vanquished.

Notes
Turn   | Place    | Note
-------+----------+-------------------------------------------
     0 | D:1      | qw the Deep Elf Hunter began the quest for the Orb.
     0 | D:1      | Reached XP level 1. HP: 12/12 MP: 3/3
     0 | D:1      | 0 ||| qw: Version: 0.3-a-9-g12657ce
     0 | D:1      | 0 ||| qw: Game counter: 3937
     0 | D:1      | 0 ||| qw: Always use a shield: true
     0 | D:1      | 0 ||| qw: God list: Okawaru
     0 | D:1      | 0 ||| qw: Allow faded altars: false
     0 | D:1      | 0 ||| qw: Do Orc after D:15 true
     0 | D:1      | 0 ||| qw: Do second Lair branch before Depths: true
     0 | D:1      | 0 ||| qw: Lair rune preference: random
     0 | D:1      | 0 ||| qw: Plans: Normal
     0 | D:1      | 0 ||| PLANNING D:1-11
     9 | D:1      | Found Qithugh's Magic Scroll Shop.
    24 | D:1      | 24 ||| SHOPLISTING scroll of enchant weapon (97 gold, have
                  | 0).
    24 | D:1      | 24 ||| SHOPLISTING scroll of identify (26 gold, have 0).
    24 | D:1      | 24 ||| SHOPLISTING scroll of teleportation (39 gold, have
                  | 0).
    90 | D:1      | Reached XP level 2. HP: 16/16 MP: 4/4
   103 | D:1      | Reached skill level 6 in Ranged Weapons
   535 | D:1      | Reached XP level 3. HP: 20/20 MP: 5/5
   821 | D:1      | 821 ||| UPGRADING to +0 pair of gloves.
   826 | D:1      | 826 ||| READING scroll labelled AXIMI ZAHEHI.
   827 | D:1      | 827 ||| READING scroll labelled WYFUTHACZI.
   828 | D:1      | 828 ||| READING scroll labelled LOBLIQ ZEOCVUO.
   831 | D:1      | 831 ||| DROPPING scroll of butterflies.
  1335 | D:2      | Found a runed translucent door.
  1336 | D:2      | Noticed Crazy Yiuf
  1439 | D:2      | Reached skill level 7 in Ranged Weapons
  1529 | D:2      | 1529 ||| UPGRADING to +0 ring mail.
  1539 | D:2      | 1539 ||| DROPPING +0 leather armour.
  1540 | D:2      | 1540 ||| UPGRADING to ring of resist corrosion.
  1541 | D:2      | 1541 ||| UPGRADING to ring of positive energy.
  1542 | D:2      | 1542 ||| UPGRADING to ring of willpower.
  1544 | D:2      | 1544 ||| UPGRADING to ring of resist corrosion.
  1546 | D:2      | 1546 ||| READING scroll labelled CALYHU QIUWEUW.
  1802 | D:3      | Found an opulent altar of Gozag.
  2173 | D:4      | HP: 5/20 [gnoll/+0 spear (1)]
  2174 | D:4      | HP: 2/20 [gnoll/+0 club (3)]
  2174 | D:4      | Slain by a gnoll

Levels and vault maps discovered:
D:1:      eino_arrival_water_star, layout_loops_corners, serial_shops,
          nicolae_shop_tiny_waterfront
D:2:      layout_loops_ring, kennysheep_pointless_box, uniq_crazy_yiuf_cottage
D:3:      layout_basic, marbit_many_paths, hangedman_decor_points,
          kennysheep_cross_room, grunt_decor_one_mirror
D:4:      layout_basic, minmay_temple_entry_antechambers

Skill      XL: |  1  2  3 |
---------------+----------+-----
Ranged Weapons | 6 7 |  7.2
Fighting       | |  1.5
Dodging        | |  2.4
Stealth        | |  1.2

Action                     || total
---------------------------++-------
   Fire: Shortbow          ||   116
    Use: Scroll            ||     4
 Armour: Leather armour    ||     6
         Ring mail         ||     8
  Dodge: Dodged            ||    33

Table legend:
 A = Non-vault XP
 B = Vault XP
 C = Vault XP percentage of total XP
 D = Non-vault monster count
 E = Vault monster count
 F = Vault count percentage of total count
                 A         B        C        D         E       F
            +---------+---------+-------+---------+---------+-------
      Total |      76 |       3 |   3.8 |      41 |       1 |   2.4
            +---------+---------+-------+---------+---------+-------
        D:1 |      46 |       0 |   0.0 |      28 |       0 |   0.0
        D:2 |      17 |       0 |   0.0 |       7 |       0 |   0.0
        D:3 |      11 |       3 |  21.4 |       5 |       1 |  16.7
        D:4 |       2 |       0 |   0.0 |       1 |       0 |   0.0
            +---------+---------+-------+---------+---------+-------
